 Dungeon Crawl Stone Soup version 0.28.0-53-g5a82cb258f (webtiles) character file.

Game seed: 13469440024136612076

4 Ethylacetat the Shooter (level 1, 0/19 HPs)
             Began as a Naga Hunter on May 21, 2022.
             Slain by a hobgoblin (1 damage)
             ... on level 1 of the Dungeon.
             The game lasted 00:01:01 (49 turns).

Ethylacetat the Shooter (Naga Hunter)                 Turns: 49, Time: 00:01:01

Health: 0/19       AC:  1    Str: 14    XL:     1   Next: 60%
Magic:  1/1        EV:  9    Int: 11    God:
Gold:   0          SH:  0    Dex: 11    Spells: 0/0 levels left

rFire   . . .      SeeInvis +   b - +0 short sword
rCold   . . .      Faith    .   (no shield)
rNeg    . . .      Spirit   .   c - +0 leather armour
rPois   +          Reflect  .   (no helmet)
rElec   .          Harm     .   (no cloak)
rCorr   .          Rampage  .   (no gloves)
Will    .....                   (no barding)
Stlth   ++........              (no amulet)
HPRegen 0.06/turn               (no ring)
MPRegen 0.07/turn               (no ring)

@: short of breath, very slow
A: AC +0, large, see invisible, deformed body, poison resistance, slowness 2,
spit poison 1, naga tail 1
a: Spit Poison


You were on level 1 of the Dungeon.
You visited 1 branch of the dungeon, and saw 1 of its levels.

Inventory:

Hand Weapons
 a - a +1 shortbow
 b - a +0 short sword (weapon)
Missiles
 d - 20 arrows
Armour
 c - a +0 leather armour (worn)


   Skills:
 + Level 2.1 Fighting
 + Level 3.6 Bows
 + Level 1.6 Dodging
 + Level 1.8 Stealth


You couldn't memorise any spells.
You didn't know any spells.
Your spell library was empty.

Dungeon Overview and Level Annotations

Branches:
Dungeon (1/15)

Altars:


Innate Abilities, Weirdness & Mutations

Your serpentine skin is tough. (AC +0)
You have supernaturally acute eyesight. (SInv)
Armour fits poorly on your strangely shaped body.
Your system is resistant to poisons. (rPois)
You cover ground very slowly.
You can spit poison.
You have a snake-like lower body.


Message History

The jackal is poisoned.
The jackal is heavily wounded.
The jackal bites you. x2
You closely miss the jackal.
You kill the jackal!
The jackal completely misses you.
You closely miss the jackal. The jackal closely misses you.
The jackal bites you.
You hit the jackal.
The jackal is severely wounded.
You have got your breath back.
The jackal barely misses you.
Aiming: Spit Poison (3% risk of failure)
Press: ? - help, Shift-Dir - straight line, f/p - jackal
Aim: a jackal (severely wounded, 43% to hit)
The splash of poison misses the jackal.
The jackal bites you. The jackal closely misses you.
You barely miss the jackal.
The jackal is severely wounded.
The jackal bites you but does no damage.
You hit the jackal but do no damage.
The jackal is severely wounded.
The jackal bites you. x2
You hit the jackal.
You kill the jackal!
You barely miss the hobgoblin. The hobgoblin hits you.
* * * LOW HITPOINT WARNING * * *
You completely miss the hobgoblin. The hobgoblin hits you.
* * * LOW HITPOINT WARNING * * *
You hit the hobgoblin.
The hobgoblin is heavily wounded.
You have got your breath back.
The hobgoblin hits you.
* * * LOW HITPOINT WARNING * * *
Aiming: Spit Poison (3% risk of failure)
Press: ? - help, Shift-Dir - straight line, f - hobgoblin
Aim: a hobgoblin (heavily wounded, 53% to hit)
The splash of poison misses the hobgoblin.
The hobgoblin hits you.
You die...

+..... ...# #.....####...#
+........#...# ##
#..≈..≈$.....# ..
+............#### .#
###......≈####..### ##.##
#.......# #....####...###
#.....†.#####.....#..≈..#.
+......†g@..#8..≈....≈....
#.......###.##...≈..≈≈≈..≈
.....#...+
#.#.....≈≈≈≈≈≈≈.
####.#..)#
#.....≈≈≈≈...≈≈≈ #.#...#
#...≈≈≈≈≈..<..≈≈ #(###
#.....≈≈≈≈...≈≈≈ ..
#.#.....≈≈≈≈≈≈≈. ###
#.##...≈..≈≈≈..≈
..#8..≈....≈....


You could see a hobgoblin.

Vanquished Creatures
  A bat (D:1)
  2 jackals (D:1)
3 creatures vanquished.

Notes
Turn   | Place    | Note
-------+----------+-------------------------------------------
     0 | D:1      | Ethylacetat the Naga Hunter began the quest for the Orb.
     0 | D:1      | Reached XP level 1. HP: 19/19 MP: 1/1
    49 | D:1      | Slain by a hobgoblin

Illustrated notes

Levels and vault maps discovered:
D:1:      eino_arrival_water_star, layout_basic,
          hellmonk_ecumenical_altar_zigzags, chequers_serial_rivers_micro_c

Action                   || total
-------------------------++-------
Melee: Short sword       ||    11
 Abil: Spit Poison       ||     5
Armor: Leather armour    ||     2
Dodge: Dodged            ||     6
